 Dungeon Crawl Stone Soup version 0.21-a0-426-g98080a9 (webtiles) character file.

33 Beatriz the Skirmisher (level 3, -11/30 HPs)
             Began as a Demonspawn Abyssal Knight on Nov 8, 2017.
             Was a Follower of Lugonu.
             Killed by the air
             ... invoked by a wind drake (shapeshifter)
              (13 damage)
             ... on level 2 of the Abyss.
             The game lasted 00:01:26 (184 turns).

Beatriz the Skirmisher (Demonspawn Abyssal Knight)   Turns: 184, Time: 00:01:27

Health: -11/30     AC:  3    Str: 13      XL:     3   Next: 12%
Magic:  5/5        EV: 11    Int: 13      God:    Lugonu [*.....]
Gold:   22         SH:  0    Dex: 15 (16) Spells: 2/2 levels left

rFire    . . .     SeeInvis .   a - +1 hand axe
rCold    . . .     Gourm    .   (no shield)
rNeg     . . .     Faith    .   b - +0 leather armour
rPois    .         Spirit   .   (no helmet)
rElec    .         Reflect  .   (no cloak)
rCorr    .         Harm     .   (no gloves)
MR       .....                  (no boots)
Stlth    ++........             (no amulet)
HPRegen  0.10/turn              (no ring)
MPRegen  0.09/turn              (no ring)

@: no status effects
A: thin skeletal structure 2
a: Depart the Abyss, Renounce Religion


You were on level 2 of the Abyss.
You worshipped Lugonu.
Lugonu was aware of your devotion.
You were not hungry.

You visited 0 branches of the dungeon, and saw 0 of its levels.
You visited the Abyss 1 time.

You collected 22 gold pieces.

Inventory:

Hand Weapons
 a - a +1 hand axe (weapon)
Armour
 b - a +0 leather armour (worn)
Comestibles
 c - a bread ration


   Skills:
 + Level 3.7 Fighting
 + Level 2.1 Axes
 + Level 2.0 Armour
 + Level 1.1 Dodging
 + Level 2.7 Invocations


You had 2 spell levels left.
You didn't know any spells.

Dungeon Overview and Level Annotations

Branches:
Dungeon (0/15)

Altars:


Innate Abilities, Weirdness & Mutations

You have a moderately thin skeletal structure. (Dex +4, Stealth+)


Message History

The ufetubus barely misses you. The ufetubus barely misses you.
The ufetubus closely misses you.
The ufetubus disappears in a puff of smoke!
The ufetubus barely misses you. The ufetubus hits you.
* * * LOW HITPOINT WARNING * * *
The ufetubus misses you. The ufetubus hits you.
* * * LOW HITPOINT WARNING * * *
Found 11 gold pieces.
The ufetubus misses you. The ufetubus closely misses you.
The ufetubus hits you but does no damage.
The ufetubus closely misses you. The ufetubus hits you.
* * * LOW HITPOINT WARNING * * *
The ufetubus closely misses you.
The ufetubus disappears in a puff of smoke!
You now have 22 gold pieces (gained 11).
The wind drake hisses angrily.
The wind drake flaps its wings at you. The air twists around and strikes you!
You die...

... # #.. .##..
# ..
#...#####..
...##.#.#....#
#. #...#.k....
ยง##. ##.....#
....# #..#...#
#..#.##@..#.#.#
#....##.##..
###.....# ....
#....### .#..#
###.## .# ## ##
##.## . #.
#..##.. # .# #.
..### # .#. ##
#


You could see a wind drake.

Vanquished Creatures
  A quasit (Abyss:1)
1 creature vanquished.

Notes
Turn   | Place    | Note
-------+----------+-------------------------------------------
     0 | Abyss:1  | Beatriz the Demonspawn Abyssal Knight began the quest for the Orb.
     0 | Abyss:1  | Reached XP level 1. HP: 18/18 MP: 2/2
    33 | Abyss:1  | Found a corrupted altar of Lugonu.
    34 | Abyss:1  | Found a corrupted altar of Lugonu.
    90 | Abyss:1  | Noticed a quasit
   102 | Abyss:1  | Killed a quasit
   102 | Abyss:1  | Reached skill level 1 in Dodging
   102 | Abyss:1  | Gained mutation: You have a somewhat thin skeletal structure. (Dex +2, Stealth) [demonic ancestry]
   102 | Abyss:1  | Reached XP level 2. HP: 5/25 MP: 4/4
   102 | Abyss:1  | Gained mutation: You have a moderately thin skeletal structure. (Dex +4, Stealth+) [demonic ancestry]
   102 | Abyss:1  | Reached XP level 3. HP: 7/30 MP: 5/5
   138 | Abyss:2  | Noticed a ynoxinul
   173 | Abyss:2  | HP: 1/30 [ufetubus[a ynoxinul] (2)]
   175 | Abyss:2  | Noticed a wind drake
   175 | Abyss:2  | a shapeshifter changed into a wind drake
   184 | Abyss:2  | Killed from afar by a wind drake (shapeshifter)

Vault maps used:

Skill      XL: |  1 |
---------------+----+-----
Axes           | 2 |  2.1
Armour         | 2 |  2.0
Dodging        | 1 |  1.1
Fighting       | |  3.7
Invocations    | |  2.7

Action                   || total
-------------------------++-------
Melee: Hand axe          ||    11
  Use: Scroll            ||     2
Armor: Leather armour    ||    22
Dodge: Dodged            ||    32

Table legend:
 A = Spawn XP
 B = Non-spawn XP
 C = Spawn XP percentage of total XP
 D = Spawn monster count
 E = Non-spawn monster count
 F = Spawn count percentage of total count
 G = Total turns spent on level
                    A         B        C        D         E        F      G
               +---------+---------+-------+---------+---------+-------+---------
         Total |      48 |       0 | 100.0 |       1 |       0 | 100.0 |   184
               +---------+---------+-------+---------+---------+-------+---------
       Abyss:1 |      48 |       0 | 100.0 |       1 |       0 | 100.0 |   125
               +---------+---------+-------+---------+---------+-------+---------
